 Dungeon Crawl Stone Soup version 0.16-a0-3889-g45dc0c2 (webtiles) character file.

163 timbw the Ruffian (level 5, -5/45 HPs)
             Began as a Ghoul Fighter on Feb 2, 2015.
             Slain by an ogre
             ... wielding a +0 giant club
              (23 damage)
             ... on level 5 of the Dungeon.
             The game lasted 00:05:55 (1206 turns).

timbw the Ruffian (Ghoul Fighter)                   Turns: 1206, Time: 00:05:55

Health: -5/45      AC: 12    Str: 20    XL:     5   Next: 44%
Magic:  4/4        EV:  9    Int:  4    God:
Gold:   182        SH:  0    Dex:  8    Spells: 0 memorised, 4 levels left

rFire  . . .     SeeInvis .       - Unarmed
rCold  + . .     Clarity  .     c - +1 plate armour {rN+}
rNeg   + + +     SustAb   .     (no shield)
rPois  ∞         Gourm    .     (no helmet)
rElec  .         Spirit   .     (no cloak)
rCorr  .         Warding  .     (no gloves)
rMut   .         Stasis   .     (no boots)
MR     .....                    (no amulet)
Stlth  ..........               l - ring of flight
                                j - +4 ring of evasion

@: rotting, not resistant to hostile enchantments, extremely unstealthy
A: rotting body, claws 1, carnivore 3, cold resistance 1, negative energy
resistance 3, poison resistance, slow healing 1, torment resistance, unbreathing
a: Evoke Flight


You were on level 5 of the Dungeon.
You were not hungry.

You visited 1 branch of the dungeon, and saw 5 of its levels.

You collected 182 gold pieces.

Inventory:

Missiles
 p - 6 needles of confusion
Armour
 b - a +0 scale mail
 c - a +1 plate armour of positive energy (worn)
 k - a +0 chain mail
Jewellery
 j - a +4 ring of evasion (left claw)
 l - a ring of flight (right claw)
Magical devices
 e - a wand of digging (0)
 g - a wand of digging (19)
 q - a wand of disintegration (18)
Potions
 a - 2 potions of curing
 d - a potion of resistance {unknown}
 f - a potion of agility {unknown}
 n - a potion of invisibility {unknown}
 r - a potion of might
 s - a potion of poison {unknown}
 t - a potion of heal wounds {unknown}
Comestibles
 h - a meat ration
 i - a royal jelly
 m - 6 chunks of flesh


   Skills:
 - Level 3.2 Fighting
 + Level 2.8 Armour
   Level 2.6 Shields
 + Level 5.9 Unarmed Combat


You had 4 spell levels left.
You didn't know any spells.

Dungeon Overview and Level Annotations

Branches:
Dungeon (5/15)
 Temple: D:4-7

Altars:

Annotations:
D:4 BLOAX's ghost, average DEFi


Innate Abilities, Weirdness & Mutations

Your body is rotting away.
You thrive on raw meat.
You have sharp fingernails.
You are carnivorous and can eat meat at any time.
Your flesh is cold resistant.
You are immune to negative energy.
Your system is resistant to poisons.
You heal slowly when monsters are visible.
You are immune to unholy pain and torment.
You can survive without breathing.


Message History

There is a stone staircase leading up here.
An ogre comes into view. It is wielding a giant club.
The ogre shouts!
Drink which item? (? for menu, Esc to quit)
Okay, then.
Read which item? (? for menu, Esc to quit)
As you read the scroll labeled ZEWIPP OPPI, it crumbles to dust.
It is a scroll of identify.
Identify which item? (\ to view known items) (? for menu, Esc to quit)
a - 2 potions of curing You barely miss the ogre.
The ogre hits you with a giant club!!
You claw the ogre!
The ogre begins to bleed from its wounds!
The ogre is moderately wounded.
The ogre hits you with a giant club!
You scratch the ogre.
The ogre is moderately wounded.
The ogre hits you with a giant club!!
Ouch! That really hurt!
You die...

#........#.#
#..........#
#........###
##....#####
###<....#
##...##..##
#...#####.##
#..## ##.##
##@# ##.##
#.O# ##.##
##..# ##.#
##.# ### #.#
..# .


You could see an ogre (bleeding).

Vanquished Creatures
  An iguana (D:4)
  A worker ant (D:5)
  Terence (D:2)
  4 adders
  A giant mite (D:4)
  2 worms
  A giant gecko (D:4)
  3 orcs (D:3)
  4 bats
  8 goblins
  3 hobgoblins
  5 jackals (D:4)
  3 ball pythons
  3 kobolds
  4 rats
44 creatures vanquished.

Notes
Turn   | Place    | Note
--------------------------------------------------------------
     0 | D:1      | timbw, the Ghoul Fighter, began the quest for the Orb.
     0 | D:1      | Reached XP level 1. HP: 19/19 MP: 1/1
    70 | D:2      | Reached XP level 2. HP: 23/26 MP: 2/2
    90 | D:2      | Noticed Terence
   200 | D:2      | Killed Terence
   200 | D:2      | Reached skill level 4 in Unarmed Combat
   200 | D:2      | Reached XP level 3. HP: 4/31 MP: 3/3
   424 | D:4      | Reached XP level 4. HP: 26/38 MP: 3/3
   452 | D:4      | Reached skill level 5 in Unarmed Combat
   552 | D:4      | Noticed BLOAX's ghost (average DEFi)
   615 | D:5      | Entered Level 5 of the Dungeon
   644 | D:5      | Reached XP level 5. HP: 9/45 MP: 4/4
   794 | D:5      | Noticed an ogre
  1200 | D:5      | Noticed an ogre
  1206 | D:5      | Slain by an ogre

Action                   |  1- 3 |  4- 6 || total
-------------------------+-------+-------++-------
Melee: Unarmed           |    88 |   124 ||   212
  Use: Potion            |     1 |       ||     1
       Scroll            |       |     4 ||     4
  Eat: Chunk             |     6 |    11 ||    17
